| TOP OF THE 1ST |
|
Houston Astros batting - Pitching for New York Yankees : RHP Juan Hurtado
|
|
Pitching: RHP Juan Hurtado
|
|
|
Batting: RHB Matt Thompson
|
0-0: Ball 1-0: Ball 2-0: Called Strike 2-1: Ball 3-1: Bunted foul 3-2: Ground out 5-3 (Groundball, 56, EV 80.6 MPH)
|
|
Batting: RHB Chang-wei Jiang
|
0-0: Called Strike 0-1: Ball 1-1: Foul Ball, location: 2F 1-2: Fly out, F7 (Flyball, 7S, EV 87.5 MPH)
|
|
Batting: SHB Addick de Vries
|
0-0: Foul Ball, location: 2F 0-1: Ball 1-1: Ground out 4-3 (Groundball, 4, EV 80.6 MPH)
|
| Top of the 1st over - 0 runs, 0 hits, 0 errors, 0 left on base; Houston 0 - New York 0 |
| BOTTOM OF THE 1ST |
|
New York Yankees batting - Pitching for Houston Astros : RHP Kevin Ovens-Toots
|
|
Pitching: RHP Kevin Ovens-Toots
|
|
|
Batting: LHB Jason Peck
|
0-0: Ground out 4-3 (Groundball, 4, EV 105.6 MPH)
|
|
Batting: LHB Jordan de Jesus
|
0-0: Fly out, F7 (Line Drive, 7S, EV 91.2 MPH)
|
|
Batting: LHB Jim Skare
|
0-0: Ball 1-0: Swinging Strike 1-1: Swinging Strike 1-2: Ball 2-2: Strikes out swinging
|
| Bottom of the 1st over - 0 runs, 0 hits, 0 errors, 0 left on base; Houston 0 - New York 0 |
| TOP OF THE 2ND |
|
Houston Astros batting - Pitching for New York Yankees : RHP Juan Hurtado
|
|
Batting: SHB Joe Gardner
|
0-0: SINGLE (Line Drive, 78S, EV 96.2 MPH)
|
|
Batting: LHB Ian Jarvis
|
0-0: Ball 1-0: Ball 2-0: Foul Ball, location: 2F 2-1: Called Strike 2-2: Ball Joe Gardner is caught stealing 2nd base 2-6 3-2: Base on Balls
|
|
Batting: RHB Trevor Mock
|
0-0: Ball 1-0: Fielders Choice at 2nd, 6-4 (Groundball, 6, EV 83.1 MPH)
|
|
Batting: RHB Josh Froyd
|
0-0: Ball 1-0: Fly out, F9 (Flyball, 89XD, EV 94.4 MPH)
|
| Top of the 2nd over - 0 runs, 1 hit, 0 errors, 1 left on base; Houston 0 - New York 0 |
| BOTTOM OF THE 2ND |
|
New York Yankees batting - Pitching for Houston Astros : RHP Kevin Ovens-Toots
|
|
Batting: LHB Evan Torraville
|
0-0: Fly out, F3 (Popup, 3SF, EV 77.5 MPH)
|
|
Batting: LHB David Bramble
|
0-0: Foul Ball, location: 2F 0-1: SINGLE (Groundball, 4MD, EV 95.0 MPH)
|
|
Batting: RHB Kai Bellow
|
0-0: Called Strike 0-1: Swinging Strike 0-2: Ball 1-2: Ball 2-2: Fly out, F8 (Line Drive, 8LM, EV 86.2 MPH)
|
|
Batting: RHB Geni Prawiranega
|
0-0: Ball 1-0: Called Strike 1-1: Foul Ball, location: 2F 1-2: Fielders Choice at 2nd, 6-4 (Groundball, 6, EV 101.9 MPH)
|
| Bottom of the 2nd over - 0 runs, 1 hit, 0 errors, 1 left on base; Houston 0 - New York 0 |
| TOP OF THE 3RD |
|
Houston Astros batting - Pitching for New York Yankees : RHP Juan Hurtado
|
|
Batting: LHB Tyler Babbitt
|
0-0: Ball 1-0: Ball 2-0: Fly out, F8 (Flyball, 78M, EV 90.6 MPH)
|
|
Batting: RHB Antonio Aranda
|
0-0: Ball 1-0: Ball 2-0: Swinging Strike 2-1: Ground out U3 (Groundball, 3, EV 79.4 MPH)
|
|
Batting: RHB Matt Thompson
|
0-0: Foul Ball, location: 2F 0-1: Ball 1-1: Foul Ball, location: 2F 1-2: Ground out 5-3 (Groundball, 5S, EV 69.4 MPH)
|
| Top of the 3rd over - 0 runs, 0 hits, 0 errors, 0 left on base; Houston 0 - New York 0 |
| BOTTOM OF THE 3RD |
|
New York Yankees batting - Pitching for Houston Astros : RHP Kevin Ovens-Toots
|
|
Batting: LHB Brad Ritter
|
0-0: Ground out 1-3 (Groundball, 13S, EV 77.5 MPH)
|
|
Batting: RHB Russ Shambaugh
|
0-0: Ball 1-0: Ball 2-0: Foul Ball, location: 2F 2-1: Ball 3-1: Called Strike 3-2: Ground out 4-3 (Groundball, 4M, EV 110.0 MPH)
|
|
Batting: LHB Jason Peck
|
0-0: Ball 1-0: Ball 2-0: Foul Ball, location: 2F 2-1: SOLO HOME RUN (Flyball, 89XD, EV 106.9 MPH), Distance : 422 ft
|
|
Batting: LHB Jordan de Jesus
|
0-0: DOUBLE (Groundball, 3L, EV 111.9 MPH)
|
|
Batting: LHB Jim Skare
|
0-0: Swinging Strike 0-1: Foul Ball, location: 2F 0-2: Ball 1-2: Ball 2-2: Fly out, F9 (Line Drive, 9S, EV 99.4 MPH)
|
| Bottom of the 3rd over - 1 run, 2 hits, 0 errors, 1 left on base; Houston 0 - New York 1 |
| TOP OF THE 4TH |
|
Houston Astros batting - Pitching for New York Yankees : RHP Juan Hurtado
|
|
Batting: RHB Chang-wei Jiang
|
0-0: Called Strike 0-1: Foul Ball, location: 2F 0-2: Foul Ball, location: 2F 0-2: Foul Ball, location: 2F 0-2: Ground out 6-3 (Groundball, 6, EV 86.2 MPH)
|
|
Batting: SHB Addick de Vries
|
0-0: Ball 1-0: Foul Ball, location: 2F 1-1: Swinging Strike 1-2: Ball 2-2: SOLO HOME RUN (Flyball, 9D, EV 97.5 MPH), Distance : 377 ft
|
|
Batting: SHB Joe Gardner
|
0-0: Called Strike 0-1: Swinging Strike 0-2: Strikes out swinging
|
|
Batting: LHB Ian Jarvis
|
0-0: SOLO HOME RUN (Flyball, 8LXD, EV 116.9 MPH), Distance : 480 ft
|
|
Batting: RHB Trevor Mock
|
0-0: SINGLE (Line Drive, 7S, EV 111.2 MPH)
|
|
Pitching: RHP Ricardo Villar
|
|
|
Batting: RHB Josh Froyd
|
0-0: Called Strike Trevor Mock steals 2nd base 0-1: Foul Ball, location: 2F 0-2: Foul Ball, location: 2F 0-2: Ground out U3 (Groundball, 34, EV 88.8 MPH)
|
| Top of the 4th over - 2 runs, 3 hits, 0 errors, 1 left on base; Houston 2 - New York 1 |
| BOTTOM OF THE 4TH |
|
New York Yankees batting - Pitching for Houston Astros : RHP Kevin Ovens-Toots
|
|
Batting: LHB Evan Torraville
|
0-0: Ball 1-0: Ground out 5-3 (Groundball, 56, EV 101.9 MPH)
|
|
Batting: LHB David Bramble
|
0-0: Called Strike 0-1: Swinging Strike 0-2: Ball 1-2: Foul Ball, location: 2F 1-2: Strikes out swinging
|
|
Batting: RHB Kai Bellow
|
0-0: Called Strike 0-1: Ball 1-1: Ball 2-1: SINGLE (Line Drive, 34D, EV 106.9 MPH)
|
|
Batting: RHB Geni Prawiranega
|
0-0: Ball 1-0: Ball 2-0: Foul Ball, location: 2F 2-1: Ball 3-1: Foul Ball, location: 2F 3-2: Foul Ball, location: 2F 3-2: Ground out 5-3 (Groundball, 5S, EV 86.2 MPH)
|
| Bottom of the 4th over - 0 runs, 1 hit, 0 errors, 1 left on base; Houston 2 - New York 1 |
| TOP OF THE 5TH |
|
Houston Astros batting - Pitching for New York Yankees : RHP Ricardo Villar
|
|
Batting: LHB Tyler Babbitt
|
0-0: Ball 1-0: Ball 2-0: Bunt missed! 2-1: SINGLE (Groundball, 4MD, EV 105.0 MPH)
|
|
Batting: RHB Antonio Aranda
|
0-0: Ball 1-0: Ball 2-0: Ball 3-0: Called Strike 3-1: Foul Ball, location: 2F 3-2: Grounds into double play, 6-4-3 (Groundball, 6, EV 80.0 MPH)
|
|
Batting: RHB Matt Thompson
|
0-0: Called Strike 0-1: Foul Ball, location: 2F 0-2: Strikes out swinging
|
| Top of the 5th over - 0 runs, 1 hit, 0 errors, 0 left on base; Houston 2 - New York 1 |
| BOTTOM OF THE 5TH |
|
New York Yankees batting - Pitching for Houston Astros : RHP Kevin Ovens-Toots
|
|
Pitching: LHP Brian Thomas
|
|
|
Batting: LHB Brad Ritter
|
0-0: Ground out 5-3 (Groundball, 56S, EV 88.1 MPH)
|
|
Batting: RHB Russ Shambaugh
|
0-0: Foul Ball, location: 2F 0-1: Ball 1-1: Foul Ball, location: 2F 1-2: Strikes out swinging
|
|
Pinch Hitting: RHB C.J. Richerson
|
0-0: Called Strike 0-1: Foul Ball, location: 2F 0-2: Foul Ball, location: 2F 0-2: Ball 1-2: Ball 2-2: Ground out 6-3 (Groundball, 6, EV 81.9 MPH)
|
| Bottom of the 5th over - 0 runs, 0 hits, 0 errors, 0 left on base; Houston 2 - New York 1 |
| TOP OF THE 6TH |
|
Houston Astros batting - Pitching for New York Yankees : RHP Ricardo Villar
|
|
Now at 2B: C.J. Richerson
|
|
|
Now at SS: Jordan de Jesus
|
|
|
Batting: RHB Chang-wei Jiang
|
0-0: Foul Ball, location: 2F 0-1: Called Strike 0-2: Ball 1-2: Foul Ball, location: 2F 1-2: Fly out, F8 (Flyball, 8LM, EV 89.4 MPH)
|
|
Batting: SHB Addick de Vries
|
0-0: Called Strike 0-1: Ball 1-1: Called Strike 1-2: Strikes out swinging
|
|
Batting: SHB Joe Gardner
|
0-0: Ball 1-0: Called Strike 1-1: Ground out 6-3 (Groundball, 6, EV 78.1 MPH)
|
| Top of the 6th over - 0 runs, 0 hits, 0 errors, 0 left on base; Houston 2 - New York 1 |
| BOTTOM OF THE 6TH |
|
New York Yankees batting - Pitching for Houston Astros : LHP Brian Thomas
|
|
Batting: LHB Jordan de Jesus
|
0-0: Fly out, F6 (Line Drive, 6, EV 74.4 MPH)
|
|
Batting: SHB Bartholomeu Chambino
|
0-0: Called Strike 0-1: Called Strike 0-2: Strikes out swinging
|
|
Batting: LHB Evan Torraville
|
0-0: Foul Ball, location: 2F 0-1: Ball 1-1: Ground out U3 (Groundball, 34S, EV 63.1 MPH)
|
| Bottom of the 6th over - 0 runs, 0 hits, 0 errors, 0 left on base; Houston 2 - New York 1 |
| TOP OF THE 7TH |
|
Houston Astros batting - Pitching for New York Yankees : RHP Ricardo Villar
|
|
Batting: LHB Ian Jarvis
|
0-0: Called Strike 0-1: Fly out, F8 (Flyball, 8RM, EV 88.8 MPH)
|
|
Batting: RHB Trevor Mock
|
0-0: Ball 1-0: Called Strike 1-1: Foul Ball, location: 2F 1-2: Strikes out swinging
|
|
Batting: RHB Josh Froyd
|
0-0: Ball 1-0: Called Strike 1-1: Called Strike 1-2: TRIPLE (Flyball, 78XD, EV 108.8 MPH)
|
|
Batting: LHB Tyler Babbitt
|
0-0: Intentional Walk
|
|
Batting: RHB Antonio Aranda
|
0-0: Ball 1-0: Called Strike 1-1: Fielders Choice at 2nd, U4 (Groundball, 4M, EV 85.6 MPH)
|
| Top of the 7th over - 0 runs, 1 hit, 0 errors, 2 left on base; Houston 2 - New York 1 |
| BOTTOM OF THE 7TH |
|
New York Yankees batting - Pitching for Houston Astros : LHP Brian Thomas
|
|
Pinch Hitting: RHB Sean Neuroth
|
0-0: Ball 1-0: Fly out, F5 (Line Drive, 5, EV 65.0 MPH)
|
|
Batting: RHB Kai Bellow
|
0-0: Ball 1-0: Called Strike 1-1: Ground out 6-3 (Groundball, 6, EV 81.9 MPH)
|
|
Batting: RHB Geni Prawiranega
|
0-0: Called Strike 0-1: Hit by Pitch
|
|
Batting: LHB Brad Ritter
|
0-0: Called Strike 0-1: Ball 1-1: Foul Ball, location: 2F 1-2: SINGLE (Groundball, 6D, EV 96.2 MPH) Geni Prawiranega to second
|
|
Batting: RHB Russ Shambaugh
|
0-0: Ball 1-0: Ball 2-0: Called Strike 2-1: Ball 3-1: Ground out 5-3 (Groundball, 56S, EV 85.0 MPH)
|
| Bottom of the 7th over - 0 runs, 1 hit, 0 errors, 2 left on base; Houston 2 - New York 1 |
| TOP OF THE 8TH |
|
Houston Astros batting - Pitching for New York Yankees : RHP Ricardo Villar
|
|
Pitching: RHP Edwin Espinal
|
|
|
Now in LF: Yao-pang Tien
|
|
|
Pinch Hitting: RHB Mark Barger
|
0-0: Ball 1-0: Called Strike 1-1: Foul Ball, location: 2F 1-2: Foul Ball, location: 2F 1-2: Ground out 6-3 (Groundball, 6, EV 78.1 MPH)
|
|
Pinch Hitting: RHB Chris Fitzgerald
|
0-0: Foul Ball, location: 2F 0-1: SINGLE (Line Drive, 8RS, EV 102.5 MPH)
|
|
Batting: LHB Bob Myers
|
0-0: Ball 1-0: Swinging Strike 1-1: Swinging Strike 1-2: Strikes out swinging
|
|
Pinch Hitting: RHB Danny Dyer
|
0-0: Ball 1-0: Foul Ball, location: 2F 1-1: Ball 2-1: Swinging Strike 2-2: Foul Ball, location: 2F 2-2: SINGLE (Line Drive, 7S, EV 111.2 MPH) Chris Fitzgerald to second
|
|
Pinch Hitting: LHB Jim Keefe
|
0-0: Foul Ball, location: 2F 0-1: Swinging Strike 0-2: SINGLE (Line Drive, 4MD, EV 103.8 MPH) Chris Fitzgerald to third Danny Dyer to second
|
|
Batting: RHB Trevor Mock
|
0-0: Ball 1-0: SINGLE (Groundball, 6MS, EV 76.9 MPH) (infield hit) Chris Fitzgerald scores Danny Dyer to third Jim Keefe to second
|
|
Batting: RHB Josh Froyd
|
0-0: Ball 1-0: SINGLE (Groundball, 34S, EV 83.8 MPH) (infield hit) Danny Dyer scores Jim Keefe to third Trevor Mock to second
|
|
Pinch Hitting: LHB Bryce Hill
|
0-0: Ball 1-0: Called Strike 1-1: Swinging Strike 1-2: Ball 2-2: Ball 3-2: Base on Balls Jim Keefe scores Trevor Mock to third Josh Froyd to second
|
|
Batting: RHB Antonio Aranda
|
0-0: Ball 1-0: SINGLE (Groundball, 56, EV 104.4 MPH) (infield hit) Trevor Mock scores Josh Froyd to third Bryce Hill to second
|
|
Pitching: RHP Mike Amos
|
|
|
Batting: RHB Mark Barger
|
0-0: Called Strike 0-1: Ball 1-1: Ground out 5-3 (Groundball, 5S, EV 82.5 MPH)
|
| Top of the 8th over - 4 runs, 6 hits, 0 errors, 3 left on base; Houston 6 - New York 1 |
| BOTTOM OF THE 8TH |
|
New York Yankees batting - Pitching for Houston Astros : LHP Brian Thomas
|
|
Now at C: Jim Keefe
|
|
|
Now at 1B: Danny Dyer
|
|
|
Now at 2B: Chris Fitzgerald
|
|
|
Now at 3B: Mark Barger
|
|
|
Now in LF: Bryce Hill
|
|
|
Now in RF: Antonio Aranda
|
|
|
Batting: RHB C.J. Richerson
|
0-0: Called Strike 0-1: Ground out 5-3 (Groundball, 56, EV 101.2 MPH)
|
|
Batting: LHB Jordan de Jesus
|
0-0: Ball 1-0: Called Strike 1-1: Foul Ball, location: 2F 1-2: Strikes out swinging
|
|
Batting: SHB Bartholomeu Chambino
|
0-0: Foul Ball, location: 2F 0-1: Foul Ball, location: 2F 0-2: Foul Ball, location: 2F 0-2: Ball 1-2: Foul Ball, location: 2F 1-2: Strikes out looking
|
| Bottom of the 8th over - 0 runs, 0 hits, 0 errors, 0 left on base; Houston 6 - New York 1 |
| TOP OF THE 9TH |
|
Houston Astros batting - Pitching for New York Yankees : RHP Mike Amos
|
|
Batting: RHB Chris Fitzgerald
|
0-0: Called Strike 0-1: Ground out 1-3 (Groundball, 23, EV 65.0 MPH)
|
|
Batting: LHB Bob Myers
|
0-0: Ball 1-0: Called Strike 1-1: Called Strike 1-2: Foul Ball, location: 2F 1-2: Foul Ball, location: 2F 1-2: Ball 2-2: Foul Ball, location: 2F 2-2: Ground out 6-3 (Groundball, 6, EV 80.0 MPH)
|
|
Batting: RHB Danny Dyer
|
0-0: Ball 1-0: Called Strike 1-1: Ball 2-1: SINGLE (Groundball, 56S, EV 70.0 MPH) (infield hit)
|
|
Batting: LHB Jim Keefe
|
0-0: SINGLE (Groundball, 34D, EV 98.8 MPH) Danny Dyer to second Runner from 2nd tries for 3rd, SAFE, throw by RF made to third
|
|
Batting: RHB Trevor Mock
|
0-0: Fly out, F4 (Popup, 4D, EV 47.5 MPH)
|
| Top of the 9th over - 0 runs, 2 hits, 0 errors, 2 left on base; Houston 6 - New York 1 |
| BOTTOM OF THE 9TH |
|
New York Yankees batting - Pitching for Houston Astros : LHP Brian Thomas
|
|
Pinch Hitting: RHB Sam Saunders
|
0-0: Ground out 4-3 (Groundball, 4, EV 82.5 MPH)
|
|
Pitching: RHP Kyle McPeak
|
|
|
Batting: LHB Yao-pang Tien
|
0-0: Foul Ball, location: 2F 0-1: Ball 1-1: Ground out U3 (Groundball, 3S, EV 63.8 MPH)
|
|
Pinch Hitting: RHB Scott King
|
0-0: Ball 1-0: Ball 2-0: SINGLE (Line Drive, 78M, EV 90.6 MPH)
|
|
Batting: RHB Geni Prawiranega
|
0-0: Ball 1-0: Swinging Strike 1-1: Called Strike 1-2: Strikes out swinging
|
| Bottom of the 9th over - 0 runs, 1 hit, 0 errors, 1 left on base; Houston 6 - New York 1 |
|